TOP OF THE 1ST |
Detroit X-Wings batting - Pitching for Havana Rollers : RHP Tomás Molina
|
Pitching: RHP Tomás Molina
|
|
Batting: RHB Domingo Ávila
|
0-0: Swinging Strike 0-1: Swinging Strike 0-2: Ground out 6-3 (Groundball, 6M)
|
Batting: LHB Chris Loudermilk
|
0-0: Foul Ball, location: 2F 0-1: Ball 1-1: DOUBLE (Line Drive, 78M)
|
Batting: SHB Jaime Montés
|
0-0: Ball 1-0: Ball 2-0: Ball 3-0: Foul Ball, location: 2F 3-1: Base on Balls
|
Batting: RHB Chet Decker
|
0-0: Foul Ball, location: 2F 0-1: Swinging Strike 0-2: Ball 1-2: Ball 2-2: Foul Ball, location: 2F 2-2: Ball 3-2: Base on Balls Chris Loudermilk to third Jaime Montés to second
|
Batting: RHB Keith Sims
|
0-0: Called Strike 0-1: Swinging Strike 0-2: Ball 1-2: Foul Ball, location: 2F 1-2: Ball 2-2: Ball 3-2: Strikes out looking
|
Batting: RHB Gary Witt
|
0-0: Ball 1-0: Ball 2-0: Ball 3-0: Base on Balls Chris Loudermilk scores Jaime Montés to third Chet Decker to second
|
Batting: LHB Paul Alston
|
0-0: Ball 1-0: Ball 2-0: SINGLE (Groundball, 34D) Jaime Montés scores Chet Decker to third Gary Witt to second Runner from 3rd tries for Home, SAFE, no throw
|
Batting: SHB Felipe Detorres
|
0-0: Called Strike 0-1: Swinging Strike 0-2: Fielders Choice at 2nd, 4-6 (Groundball, 4)
|
Top of the 1st over - 3 run(s), 2 hit(s), 0 error(s), 1 left on base; Detroit 3 - Havana 0 |
BOTTOM OF THE 1ST |
Havana Rollers batting - Pitching for Detroit X-Wings : RHP Carlos Díaz
|
Pitching: RHP Carlos Díaz
|
|
Batting: LHB José Torres
|
0-0: Ball 1-0: Swinging Strike 1-1: Ground out 4-3 (Groundball, 4)
|
Batting: RHB Jack Bailey
|
0-0: Ball 1-0: Ball 2-0: Ball 3-0: Swinging Strike 3-1: Called Strike 3-2: Strikes out looking
|
Batting: RHB Ed Sims
|
0-0: Called Strike 0-1: Swinging Strike 0-2: Strikes out swinging
|
Bottom of the 1st over - 0 run(s), 0 hit(s), 0 error(s), 0 left on base; Detroit 3 - Havana 0 |
TOP OF THE 2ND |
Detroit X-Wings batting - Pitching for Havana Rollers : RHP Tomás Molina
|
Batting: LHB Jeremy Cox
|
0-0: Ball 1-0: Ball 2-0: Called Strike 2-1: Foul Ball, location: 2F 2-2: Ball 3-2: Strikes out swinging
|
Batting: RHB Domingo Ávila
|
0-0: Ball 1-0: Foul Ball, location: 2F 1-1: Called Strike 1-2: Strikes out swinging
|
Batting: LHB Chris Loudermilk
|
0-0: Swinging Strike 0-1: Called Strike 0-2: Ball 1-2: Foul Ball, location: 2F 1-2: Fly out, F6 (Line Drive, 6D)
|
Top of the 2nd over - 0 run(s), 0 hit(s), 0 error(s), 0 left on base; Detroit 3 - Havana 0 |
BOTTOM OF THE 2ND |
Havana Rollers batting - Pitching for Detroit X-Wings : RHP Carlos Díaz
|
Batting: SHB Chris Bennis
|
0-0: Ground out 4-3 (Groundball, 4)
|
Batting: LHB Enrique Cortéz
|
0-0: Ball 1-0: Ground out 4-3 (Groundball, 34)
|
Batting: RHB Yaichiro Sugahara
|
0-0: Ball 1-0: Foul Ball, location: 2F 1-1: Ball 2-1: Fly out, F9 (Flyball, 9S)
|
Bottom of the 2nd over - 0 run(s), 0 hit(s), 0 error(s), 0 left on base; Detroit 3 - Havana 0 |
TOP OF THE 3RD |
Detroit X-Wings batting - Pitching for Havana Rollers : RHP Tomás Molina
|
Batting: SHB Jaime Montés
|
0-0: SINGLE (Groundball, 34D)
|
Batting: RHB Chet Decker
|
0-0: Called Strike 0-1: Ball 1-1: Foul Ball, location: 2F 1-2: Strikes out swinging
|
Batting: RHB Keith Sims
|
0-0: Called Strike 0-1: Foul Ball, location: 2F 0-2: Foul Ball, location: 2F 0-2: Strikes out swinging
|
Batting: RHB Gary Witt
|
0-0: Ball 1-0: Ball 2-0: Swinging Strike 2-1: Ball 3-1: Foul Ball, location: 2F 3-2: Foul Ball, location: 2F 3-2: Strikes out swinging
|
Top of the 3rd over - 0 run(s), 1 hit(s), 0 error(s), 1 left on base; Detroit 3 - Havana 0 |
BOTTOM OF THE 3RD |
Havana Rollers batting - Pitching for Detroit X-Wings : RHP Carlos Díaz
|
Batting: RHB Soshu Nakamura
|
0-0: Called Strike 0-1: Foul Ball, location: 2F 0-2: Foul Ball, location: 2F 0-2: Foul Ball, location: 2F 0-2: Ball 1-2: Ground out 4-3 (Groundball, 4M)
|
Batting: RHB Francisco Rincón
|
0-0: Foul Ball, location: 2F 0-1: Ball 1-1: Foul Ball, location: 2F 1-2: SINGLE (Flyball, 9LS)
|
Batting: RHB Chad Case
|
0-0: Ball 1-0: Called Strike 1-1: Fly out, F9 (Flyball, 9LS)
|
Batting: LHB José Torres
|
0-0: Ball 1-0: Foul Ball, location: 2F 1-1: Ground out 3-1 (Groundball, 34S)
|
Bottom of the 3rd over - 0 run(s), 1 hit(s), 0 error(s), 1 left on base; Detroit 3 - Havana 0 |
TOP OF THE 4TH |
Detroit X-Wings batting - Pitching for Havana Rollers : RHP Tomás Molina
|
Batting: LHB Paul Alston
|
0-0: SINGLE (Groundball, 4MD)
|
Batting: SHB Felipe Detorres
|
0-0: Called Strike 0-1: Foul Ball, location: 2F 0-2: Foul Ball, location: 2F 0-2: Ball 1-2: SINGLE (Groundball, 34) (infield hit) Paul Alston to second
|
Batting: LHB Jeremy Cox
|
0-0: Ball 1-0: Ball 2-0: Called Strike 2-1: Called Strike 2-2: Foul Ball, location: 2F 2-2: Foul Ball, location: 2F 2-2: Foul Ball, location: 2F 2-2: Fly out, F8 (Flyball, 8LXD) Runner from 2nd tags up, SAFE at 3rd, no throw
|
Batting: RHB Domingo Ávila
|
0-0: Ball 1-0: Swinging Strike 1-1: Swinging Strike 1-2: Strikes out swinging
|
Batting: LHB Chris Loudermilk
|
0-0: Fielders Choice at 2nd, 4-6 (Groundball, 4)
|
Top of the 4th over - 0 run(s), 2 hit(s), 0 error(s), 1 left on base; Detroit 3 - Havana 0 |
BOTTOM OF THE 4TH |
Havana Rollers batting - Pitching for Detroit X-Wings : RHP Carlos Díaz
|
Batting: RHB Jack Bailey
|
0-0: Ball 1-0: SINGLE (Groundball, 6MD)
|
Batting: RHB Ed Sims
|
0-0: Fly out, F8 (Line Drive, 8RM)
|
Batting: SHB Chris Bennis
|
0-0: Ball 1-0: Swinging Strike 1-1: Ball 2-1: Ground out 5-3 (Groundball, 56S) Jack Bailey to second
|
Batting: LHB Enrique Cortéz
|
0-0: Called Strike 0-1: Ball 1-1: Called Strike 1-2: Ball 2-2: Strikes out swinging
|
Bottom of the 4th over - 0 run(s), 1 hit(s), 0 error(s), 1 left on base; Detroit 3 - Havana 0 |
TOP OF THE 5TH |
Detroit X-Wings batting - Pitching for Havana Rollers : RHP Tomás Molina
|
Batting: SHB Jaime Montés
|
0-0: Ball 1-0: Called Strike 1-1: Ground out 4-3 (Groundball, 4)
|
Batting: RHB Chet Decker
|
0-0: Called Strike 0-1: Foul Ball, location: 2F 0-2: Foul Ball, location: 2F 0-2: Foul Ball, location: 2F 0-2: Strikes out looking
|
Batting: RHB Keith Sims
|
0-0: Called Strike 0-1: Ball 1-1: Ball 2-1: Swinging Strike 2-2: Foul Ball, location: 2F 2-2: Foul Ball, location: 2F 2-2: Fly out, F7 (Flyball, 7LM)
|
Top of the 5th over - 0 run(s), 0 hit(s), 0 error(s), 0 left on base; Detroit 3 - Havana 0 |
BOTTOM OF THE 5TH |
Havana Rollers batting - Pitching for Detroit X-Wings : RHP Carlos Díaz
|
Batting: RHB Yaichiro Sugahara
|
0-0: Fly out, F9 (Flyball, 9LM)
|
Batting: RHB Soshu Nakamura
|
0-0: Called Strike 0-1: Fly out, F9 (Flyball, 89D)
|
Batting: RHB Francisco Rincón
|
0-0: Ball 1-0: Ground out 3-1 (Groundball, 34)
|
Bottom of the 5th over - 0 run(s), 0 hit(s), 0 error(s), 0 left on base; Detroit 3 - Havana 0 |
TOP OF THE 6TH |
Detroit X-Wings batting - Pitching for Havana Rollers : RHP Tomás Molina
|
Pitching: RHP Kei Hashimoto
|
|
Batting: RHB Gary Witt
|
0-0: Ball 1-0: Ball 2-0: Foul Ball, location: 2F 2-1: Ball 3-1: Fly out, F8 (Flyball, 78S)
|
Batting: LHB Paul Alston
|
0-0: Called Strike 0-1: Foul Ball, location: 2F 0-2: Foul Ball, location: 2F 0-2: Strikes out swinging
|
Batting: SHB Felipe Detorres
|
0-0: Hit by Pitch
|
Batting: LHB Jeremy Cox
|
0-0: Called Strike 0-1: Ball 1-1: Ball 2-1: Ball 3-1: Base on Balls Felipe Detorres to second
|
Batting: RHB Domingo Ávila
|
0-0: Swinging Strike 0-1: Ball 1-1: Ball 2-1: Swinging Strike 2-2: Foul Ball, location: 2F 2-2: Ball 3-2: Strikes out swinging
|
Top of the 6th over - 0 run(s), 0 hit(s), 0 error(s), 2 left on base; Detroit 3 - Havana 0 |
BOTTOM OF THE 6TH |
Havana Rollers batting - Pitching for Detroit X-Wings : RHP Carlos Díaz
|
Batting: RHB Chad Case
|
0-0: Ball 1-0: Called Strike 1-1: Ball 2-1: SINGLE (Line Drive, 6)
|
Batting: LHB José Torres
|
0-0: Called Strike 0-1: Ball 1-1: Swinging Strike 1-2: Ball Wild Pitch! Chad Case to second 2-2: Strikes out swinging
|
Batting: RHB Jack Bailey
|
0-0: SINGLE (Groundball, 56D) Chad Case to third Runner from 3rd tries for Home, throw and OUT! Jack Bailey to second
|
Batting: RHB Ed Sims
|
0-0: Ball 1-0: Called Strike 1-1: Foul Ball, location: 2F 1-2: Ball 2-2: Fly out, F3 (Line Drive, 3)
|
Bottom of the 6th over - 0 run(s), 2 hit(s), 0 error(s), 1 left on base; Detroit 3 - Havana 0 |
TOP OF THE 7TH |
Detroit X-Wings batting - Pitching for Havana Rollers : RHP Kei Hashimoto
|
Batting: LHB Chris Loudermilk
|
0-0: Ground out 4-3 (Groundball, 34)
|
Batting: SHB Jaime Montés
|
0-0: Ball 1-0: Ball 2-0: Called Strike 2-1: Foul Ball, location: 2F 2-2: Foul Ball, location: 2F 2-2: Strikes out swinging
|
Batting: RHB Chet Decker
|
0-0: Ball 1-0: Ball 2-0: Called Strike 2-1: Ball 3-1: Hit by Pitch
|
Batting: RHB Keith Sims
|
0-0: Ball 1-0: Ball 2-0: Swinging Strike 2-1: Called Strike 2-2: Foul Ball, location: 2F 2-2: Fly out, F9 (Flyball, 9S)
|
Top of the 7th over - 0 run(s), 0 hit(s), 0 error(s), 1 left on base; Detroit 3 - Havana 0 |
BOTTOM OF THE 7TH |
Havana Rollers batting - Pitching for Detroit X-Wings : RHP Carlos Díaz
|
Batting: SHB Chris Bennis
|
0-0: Foul Ball, location: 2F 0-1: SINGLE (Groundball, 6MD)
|
Batting: LHB Enrique Cortéz
|
0-0: Called Strike 0-1: Ball 1-1: Ball 2-1: SINGLE (Groundball, 6D) Chris Bennis to second
|
Batting: RHB Yaichiro Sugahara
|
0-0: Bunted foul 0-1: Bunted foul 0-2: Foul Ball, location: 2F 0-2: Ball 1-2: Ball 2-2: Foul Ball, location: 2F 2-2: Grounds into double play, 5-4-3 (Groundball, 5) Chris Bennis to third
|
Batting: RHB Soshu Nakamura
|
0-0: Ball 1-0: Foul Ball, location: 2F 1-1: Foul Ball, location: 2F 1-2: Ball 2-2: Ground out 5-3 (Groundball, 56S)
|
Bottom of the 7th over - 0 run(s), 2 hit(s), 0 error(s), 1 left on base; Detroit 3 - Havana 0 |
TOP OF THE 8TH |
Detroit X-Wings batting - Pitching for Havana Rollers : RHP Kei Hashimoto
|
Batting: RHB Gary Witt
|
0-0: Ground out 4-3 (Groundball, 4)
|
Batting: LHB Paul Alston
|
0-0: Called Strike 0-1: Swinging Strike 0-2: Ball 1-2: Foul Ball, location: 2F 1-2: Ball 2-2: Foul Ball, location: 2F 2-2: Foul Ball, location: 2F 2-2: Strikes out swinging
|
Pitching: RHP Alejandro Pérez
|
|
Batting: SHB Felipe Detorres
|
0-0: Ball 1-0: Ball 2-0: Called Strike 2-1: Foul Ball, location: 2F 2-2: Ground out 6-3 (Groundball, 6)
|
Top of the 8th over - 0 run(s), 0 hit(s), 0 error(s), 0 left on base; Detroit 3 - Havana 0 |
BOTTOM OF THE 8TH |
Havana Rollers batting - Pitching for Detroit X-Wings : RHP Carlos Díaz
|
Batting: RHB Francisco Rincón
|
0-0: Ball 1-0: SINGLE (Line Drive, 3D)
|
Batting: RHB Chad Case
|
0-0: Ball 1-0: Ball 2-0: Grounds into double play, 6-4-3 (Groundball, 6)
|
Batting: LHB José Torres
|
0-0: Ball 1-0: Ground out U3 (Groundball, 3L)
|
Bottom of the 8th over - 0 run(s), 1 hit(s), 0 error(s), 0 left on base; Detroit 3 - Havana 0 |
TOP OF THE 9TH |
Detroit X-Wings batting - Pitching for Havana Rollers : RHP Alejandro Pérez
|
Batting: LHB Jeremy Cox
|
0-0: Foul Ball, location: 2F 0-1: Ball 1-1: Called Strike 1-2: Foul Ball, location: 2F 1-2: Strikes out swinging
|
Batting: RHB Domingo Ávila
|
0-0: Foul Ball, location: 2F 0-1: Ball 1-1: Ball 2-1: Called Strike 2-2: Foul Ball, location: 2F 2-2: Ground out 6-3 (Groundball, 6)
|
Batting: LHB Chris Loudermilk
|
0-0: Ball 1-0: Foul Ball, location: 2F 1-1: Foul Ball, location: 2F 1-2: Strikes out swinging
|
Top of the 9th over - 0 run(s), 0 hit(s), 0 error(s), 0 left on base; Detroit 3 - Havana 0 |
BOTTOM OF THE 9TH |
Havana Rollers batting - Pitching for Detroit X-Wings : RHP Carlos Díaz
|
Batting: RHB Jack Bailey
|
0-0: Foul Ball, location: 2F 0-1: SINGLE (Groundball, 6MD)
|
Batting: RHB Ed Sims
|
0-0: Ball 1-0: Ball 2-0: Ball 3-0: Base on Balls Jack Bailey to second
|
Pitching: LHP Javier Duarte
|
|
Pinch Hitting: RHB Paul Bailey
|
0-0: Foul Ball, location: 2F 0-1: DOUBLE (Line Drive, 9D) Jack Bailey scores Ed Sims to third Runner from 3rd tries for Home, SAFE, no throw
|
Pinch Hitting: RHB Victor Andrews
|
0-0: Called Strike 0-1: Ball 1-1: Ground out U3 (Groundball, 34) Paul Bailey to third
|
Batting: RHB Yaichiro Sugahara
|
0-0: Ball Squeeze bunt is on, Paul Bailey is out 1-1: Swinging Strike 1-2: Strikes out swinging
|
Bottom of the 9th over - 2 run(s), 2 hit(s), 0 error(s), 0 left on base; Detroit 3 - Havana 2 |
|